 Dungeon Sprint DCSS version 0.21.1-1-g345015f (webtiles) character file.

1721 Fang the Severer (level 8, -20/88 HPs)
             Began as a Minotaur Berserker on May 29, 2018.
             Was a High Priest of Trog.
             Demolished by a skeletal warrior
             ... wielding a +0 halberd
              (28 damage)
             ... in the Dungeon (Sprint IX: "|||||||||||||||||||||||||||||").
             The game lasted 00:01:33 (331 turns).

Fang the Severer (Minotaur Berserker)                Turns: 331, Time: 00:01:34

Health: -20/88     AC:  4    Str: 24    XL:     8   Next: 75%
Magic:  7/7        EV: 17    Int:  4    God:    Trog [*****.]
Gold:   0          SH:  0    Dex: 13    Spells: 7/7 levels left

rFire    . . .     SeeInvis .   n - +3 war axe (freeze)
rCold    . . .     Gourm    .   (no shield)
rNeg     . . .     Faith    .   b - +0 animal skin
rPois    .         Spirit   .   (helmet restricted)
rElec    .         Reflect  .   (no cloak)
rCorr    .         Harm     .   (no gloves)
MR       .....     NoTele   +   (no boots)
Stlth    ++........             (no amulet)
HPRegen  0.24/turn              o - +3 ring of dexterity
MPRegen  0.10/turn              p - +2 ring of protection

@: berserk cooldown, slowed, very slow
A: retaliatory headbutt, horns 2
a: Berserk, Trog's Hand, Brothers in Arms, Burn Spellbooks, Renounce Religion


You were in the Dungeon.
You worshipped Trog.
Trog was extremely pleased with you.
You were very hungry.

You visited 1 branch

Inventory:

Hand Weapons
 a - a +0 hand axe
 n - a +3 war axe of freezing (weapon)
Missiles
 q - 2 javelins of returning (quivered)
 r - 3 poisoned javelins
Armour
 b - a +0 animal skin (worn)
Jewellery
 o - a +3 ring of dexterity (left hand)
 p - a +2 ring of protection (right hand)
Wands
 m - a wand of iceblast (10)
Scrolls
 i - 2 scrolls of blinking
 l - 3 scrolls of remove curse
Potions
 d - 5 potions of curing
 e - 3 potions of heal wounds
 f - a potion of haste
 g - 4 potions of magic
 h - a potion of berserk rage
 k - a potion of invisibility
Comestibles
 c - a ration
 j - 9 chunks of flesh


   Skills:
 + Level 13.6 Fighting
 + Level 15.3 Axes
 + Level 6.7 Armour
 + Level 8.2 Dodging
 + Level 0.9 Stealth


You had 7 spell levels left.
You didn't know any spells.

Dungeon Overview and Level Annotations

Branches:
Dungeon (1/1)

Altars:
Cheibriados
Dithmenos
Elyvilon
Fedhas
Gozag
Hepliaklqana
Kikubaaqudgha
Makhleb
Nemelex Xobeh
Okawaru
Qazlal
Ru
Sif Muna
Trog
Uskayaw
Vehumet
Wu Jian
Xom
Yredelemnul
Zin
The Shining One
Beogh
Jiyva
Lugonu


Innate Abilities, Weirdness & Mutations

You reflexively headbutt those who attack you in melee.
You have a pair of horns on your head.


Message History

You are too injured to fight recklessly!
You are too injured to fight recklessly!
You barely miss the skeletal warrior.
The skeletal warrior is moderately damaged.
You slash the skeletal warrior! You freeze the skeletal warrior.
The skeletal warrior is heavily damaged.
You hit the skeletal warrior. You freeze the skeletal warrior.
Your headbutt misses the skeletal warrior.
The skeletal warrior is severely damaged.
You are no longer berserk.
Trog's vigour flows through your veins.
You are exhausted.
You feel yourself slow down.
The skeletal warrior hits you with a halberd!!
* * * LOW HITPOINT WARNING * * *
You hit the skeletal warrior but do no damage.
Your headbutt misses the skeletal warrior.
The skeletal warrior is severely damaged.
The skeletal warrior hits you with a halberd!!
You die...

▓'▓
▓)▓
▓÷▓
▓.▓
▓.▓
▓.▓
▓.▓
▓†▓
▓@▓
▓z▓
▓.▓
▓.▓
▓.▓
▓.▓
▓+▓


You could see a skeletal warrior.

Vanquished Creatures
  A two-headed ogre (D)
  An ugly thing (D)
  A yak (D)
  A vampire mosquito (D)
  An acid dragon (D)
  A bullfrog (D)
  A wight (D)
  A hound (D)
  A jelly (D)
  3 iguanas (D)
  A worker ant (D)
  A leopard gecko (D)
  A bat skeleton (D)
  A goblin (D)
  A hobgoblin (D)
  A frilled lizard (D)
  3 rats (D)
21 creatures vanquished.

Notes
Turn   | Place    | Note
-------+----------+-------------------------------------------
     0 | D        | Fang the Minotaur Berserker began the quest for the Orb.
     0 | D        | Reached XP level 1. HP: 19/19 MP: 0/0
     6 | D        | Reached skill level 4 in Axes
     9 | D        | Reached ** piety under Trog
    99 | D        | Noticed an iguana
    99 | D        | Noticed a hound
    99 | D        | Noticed a worker ant
   104 | D        | Killed an iguana
   104 | D        | Reached skill level 5 in Fighting
   104 | D        | Reached skill level 6 in Axes
   104 | D        | Reached XP level 2. HP: 29/29 MP: 1/1
   104 | D        | Reached XP level 3. HP: 36/36 MP: 2/2
   105 | D        | Reached *** piety under Trog
   108 | D        | Reached skill level 7 in Axes
   117 | D        | Reached XP level 4. HP: 42/47 MP: 3/3
   135 | D        | Found a roughly hewn altar of Beogh.
   135 | D        | Found a snail-covered altar of Cheibriados.
   135 | D        | Found a shadowy altar of Dithmenos.
   135 | D        | Found a white marble altar of Elyvilon.
   135 | D        | Found a blossoming altar of Fedhas.
   135 | D        | Found an opulent altar of Gozag.
   136 | D        | Found a hazy altar of Hepliaklqana.
   137 | D        | Found a viscous altar of Jiyva.
   138 | D        | Found an ancient bone altar of Kikubaaqudgha.
   139 | D        | Found a corrupted altar of Lugonu.
   140 | D        | Found a burning altar of Makhleb.
   141 | D        | Found a sparkling altar of Nemelex Xobeh.
   142 | D        | Found an iron altar of Okawaru.
   143 | D        | Found a stormy altar of Qazlal.
   144 | D        | Found a sacrificial altar of Ru.
   145 | D        | Found a deep blue altar of Sif Muna.
   146 | D        | Found a bloodstained altar of Trog.
   147 | D        | Found a hide-covered altar of Uskayaw.
   148 | D        | Found a radiant altar of Vehumet.
   149 | D        | Found an ornate altar of the Wu Jian Council.
   150 | D        | Found a shimmering altar of Xom.
   151 | D        | Found a basalt altar of Yredelemnul.
   152 | D        | Found a glowing silver altar of Zin.
   153 | D        | Found a glowing golden altar of the Shining One.
   227 | D        | Noticed a two-headed ogre
   227 | D        | Noticed a bullfrog
   231 | D        | Killed a two-headed ogre
   231 | D        | Reached **** piety under Trog
   231 | D        | Reached skill level 13 in Axes
   231 | D        | Reached skill level 5 in Armour
   231 | D        | Reached XP level 5. HP: 62/62 MP: 4/4
   231 | D        | Reached XP level 6. HP: 69/69 MP: 5/5
   231 | D        | Reached XP level 7. HP: 75/75 MP: 6/6
   233 | D        | Received a gift from Trog
   238 | D        | Received a gift from Trog
   306 | D        | Noticed a white ugly thing
   306 | D        | Noticed a vampire mosquito
   306 | D        | Noticed a yak
   306 | D        | Noticed a skeletal warrior
   311 | D        | Killed a white ugly thing
   311 | D        | Reached skill level 14 in Axes
   311 | D        | Reached XP level 8. HP: 79/86 MP: 7/7
   315 | D        | Reached ***** piety under Trog
   319 | D        | Reached skill level 15 in Axes
   331 | D        | Demolished by a skeletal warrior

Skill      XL: |  1  2  3  4  5  6  7  8 |
---------------+-------------------------+-----
Fighting       | 5 7 11 13 | 13.6
Axes           | 6 7 13 14 15 | 15.3
Armour         | 3 5 6 |  6.7
Dodging        | 3 7 8 |  8.2
Stealth        | |  0.9

Action                   |  1- 3 |  4- 6 |  7- 9 || total
-------------------------+-------+-------+-------++-------
Melee: Hand axe          |    23 |       |       ||    23
       Headbutt          |     3 |     1 |     7 ||    11
       War axe           |       |     2 |    30 ||    32
Invok: Berserk           |     1 |     1 |     1 ||     3
Armor: Animal skin       |     1 |       |     2 ||     3
Dodge: Dodged            |     8 |     3 |     6 ||    17
